| TOP OF THE 1ST |
|
Burlington Royals batting - Pitching for Oakland (APP) Athletics : RHP Jalen Cobbins
|
|
Pitching: RHP Jalen Cobbins
|
|
|
Batting: LHB Ernesto Abreu
|
0-0: Ball 1-0: Foul Ball, location: 2F 1-1: Foul Ball, location: 2F 1-2: Ball 2-2: Ball 3-2: Strikes out swinging
|
|
Batting: RHB Tim Persson
|
0-0: Ball 1-0: Called Strike 1-1: Foul Ball, location: 2F 1-2: Foul Ball, location: 2F 1-2: Ball 2-2: Foul Ball, location: 2F 2-2: Ball 3-2: Ground out 6-3 (Groundball, 6, EV 101.3 MPH)
|
|
Batting: SHB Manny Berrones
|
0-0: Ball 1-0: Foul Ball, location: 2F 1-1: Ball 2-1: Swinging Strike 2-2: Ball 3-2: Strikes out swinging
|
| Top of the 1st over - 0 runs, 0 hits, 0 errors, 0 left on base; Burlington 0 - Oakland (APP) 0 |
| BOTTOM OF THE 1ST |
|
Oakland (APP) Athletics batting - Pitching for Burlington Royals : RHP Matthew Orphan
|
|
Pitching: RHP Matthew Orphan
|
|
|
Batting: RHB Colin Coleman
|
0-0: Foul Ball, location: 2F 0-1: Called Strike 0-2: Strikes out swinging
|
|
Batting: RHB Branden Mackie
|
0-0: Ball 1-0: Ground out 5-3 (Groundball, 5, EV 107.5 MPH)
|
|
Batting: RHB Matt Black
|
0-0: Called Strike 0-1: Swinging Strike 0-2: Strikes out swinging
|
| Bottom of the 1st over - 0 runs, 0 hits, 0 errors, 0 left on base; Burlington 0 - Oakland (APP) 0 |
| TOP OF THE 2ND |
|
Burlington Royals batting - Pitching for Oakland (APP) Athletics : RHP Jalen Cobbins
|
|
Batting: SHB Danny Ballenger
|
0-0: SINGLE (Groundball, 56D, EV 98.1 MPH)
|
|
Batting: LHB Bobby Gonzalez
|
0-0: Foul Ball, location: 2F 0-1: Called Strike 0-2: Ball 1-2: Ball 2-2: Foul Ball, location: 2F 2-2: Strikes out swinging
|
|
Batting: RHB Rob Ward
|
0-0: Swinging Strike 0-1: Swinging Strike 0-2: Ball 1-2: Strikes out swinging
|
|
Batting: SHB Marcos Cortez
|
0-0: Ground out 3-1 (Groundball, 34, EV 88.8 MPH)
|
| Top of the 2nd over - 0 runs, 1 hit, 0 errors, 1 left on base; Burlington 0 - Oakland (APP) 0 |
| BOTTOM OF THE 2ND |
|
Oakland (APP) Athletics batting - Pitching for Burlington Royals : RHP Matthew Orphan
|
|
Batting: RHB Steve Blackshear
|
0-0: Ball 1-0: Ball 2-0: Ball 3-0: Base on Balls
|
|
Batting: RHB Tetsuya Shinoda
|
0-0: Grounds into double play, 5-4-3 (Groundball, 56, EV 90.6 MPH)
|
|
Batting: RHB Jon Coleman
|
0-0: Called Strike 0-1: Ball 1-1: SINGLE (Groundball, 4S, EV 72.5 MPH) (infield hit)
|
|
Batting: RHB Chris Temple
|
0-0: Called Strike 0-1: Swinging Strike 0-2: Strikes out looking
|
| Bottom of the 2nd over - 0 runs, 1 hit, 0 errors, 1 left on base; Burlington 0 - Oakland (APP) 0 |
| TOP OF THE 3RD |
|
Burlington Royals batting - Pitching for Oakland (APP) Athletics : RHP Jalen Cobbins
|
|
Batting: RHB Shane Bruce
|
0-0: Ball 1-0: Swinging Strike 1-1: Called Strike 1-2: Ball 2-2: Foul Ball, location: 2F 2-2: Ball 3-2: Foul Ball, location: 2F 3-2: Foul Ball, location: 2F 3-2: Foul Ball, location: 2F 3-2: Base on Balls
|
|
Batting: RHB Steve Ryals
|
0-0: Bunt missed! 0-1: Bunt missed! 0-2: Bunt missed, Strikeout!
|
|
Batting: LHB Ernesto Abreu
|
0-0: Foul Ball, location: 2F 0-1: Called Strike 0-2: Strikes out swinging
|
|
Batting: RHB Tim Persson
|
0-0: Foul Ball, location: 2F 0-1: Ball 1-1: Swinging Strike 1-2: Strikes out looking
|
| Top of the 3rd over - 0 runs, 0 hits, 0 errors, 1 left on base; Burlington 0 - Oakland (APP) 0 |
| BOTTOM OF THE 3RD |
|
Oakland (APP) Athletics batting - Pitching for Burlington Royals : RHP Matthew Orphan
|
|
Batting: LHB Mark Friedmann
|
0-0: Foul Ball, location: 2F 0-1: Ball 1-1: Ball 2-1: Bunt for hit to 5S - play at first, batter safe!
|
|
Batting: RHB Tim Anderson
|
0-0: Ball Mark Friedmann steals 2nd base 1-0: Ball Wild Pitch! Mark Friedmann to third 2-0: Foul Ball, location: 2F 2-1: Ground out 5-3 (Groundball, 56, EV 89.4 MPH) Mark Friedmann scores
|
|
Batting: RHB Colin Coleman
|
0-0: Called Strike 0-1: Ball 1-1: Foul Ball, location: 2F 1-2: Ground out 6-3 (Groundball, 6M, EV 80.0 MPH)
|
|
Batting: RHB Branden Mackie
|
0-0: Foul Ball, location: 2F 0-1: Called Strike 0-2: Strikes out swinging
|
| Bottom of the 3rd over - 1 run, 1 hit, 0 errors, 0 left on base; Burlington 0 - Oakland (APP) 1 |
| TOP OF THE 4TH |
|
Burlington Royals batting - Pitching for Oakland (APP) Athletics : RHP Jalen Cobbins
|
|
Batting: SHB Manny Berrones
|
0-0: Ground out 6-3 (Groundball, 6, EV 103.8 MPH)
|
|
Batting: SHB Danny Ballenger
|
0-0: Ball 1-0: Foul Ball, location: 2F 1-1: Swinging Strike 1-2: Ball 2-2: SINGLE (Line Drive, 3D, EV 95.0 MPH)
|
|
Batting: LHB Bobby Gonzalez
|
0-0: Ball 1-0: Swinging Strike 1-1: Swinging Strike 1-2: Foul Ball, location: 2F 1-2: Strikes out looking
|
|
Batting: RHB Rob Ward
|
0-0: Ball 1-0: Swinging Strike 1-1: Foul Ball, location: 2F 1-2: Strikes out swinging
|
| Top of the 4th over - 0 runs, 1 hit, 0 errors, 1 left on base; Burlington 0 - Oakland (APP) 1 |
| BOTTOM OF THE 4TH |
|
Oakland (APP) Athletics batting - Pitching for Burlington Royals : RHP Matthew Orphan
|
|
Batting: RHB Matt Black
|
0-0: Ground out 3-1 (Groundball, 34, EV 95.0 MPH)
|
|
Batting: RHB Steve Blackshear
|
0-0: Called Strike 0-1: Ball 1-1: Swinging Strike 1-2: Foul Ball, location: 2F 1-2: Ball 2-2: Foul Ball, location: 2F 2-2: Foul Ball, location: 2F 2-2: Strikes out swinging
|
|
Batting: RHB Tetsuya Shinoda
|
0-0: Called Strike 0-1: Called Strike 0-2: Ball 1-2: Strikes out looking
|
| Bottom of the 4th over - 0 runs, 0 hits, 0 errors, 0 left on base; Burlington 0 - Oakland (APP) 1 |
| TOP OF THE 5TH |
|
Burlington Royals batting - Pitching for Oakland (APP) Athletics : RHP Jalen Cobbins
|
|
Batting: SHB Marcos Cortez
|
0-0: Ball 1-0: Swinging Strike 1-1: Fly out, F8 (Line Drive, 8LD, EV 97.5 MPH)
|
|
Batting: RHB Shane Bruce
|
0-0: Ball 1-0: Called Strike 1-1: Swinging Strike 1-2: Strikes out swinging
|
|
Batting: RHB Steve Ryals
|
0-0: Foul Ball, location: 2F 0-1: Ball 1-1: Ball 2-1: Foul Ball, location: 2F 2-2: Strikes out swinging
|
| Top of the 5th over - 0 runs, 0 hits, 0 errors, 0 left on base; Burlington 0 - Oakland (APP) 1 |
| BOTTOM OF THE 5TH |
|
Oakland (APP) Athletics batting - Pitching for Burlington Royals : RHP Matthew Orphan
|
|
Batting: RHB Jon Coleman
|
0-0: SINGLE (Groundball, 34D, EV 103.1 MPH)
|
|
Batting: RHB Chris Temple
|
0-0: Ball 1-0: Ball 2-0: SINGLE (Line Drive, 56D, EV 102.5 MPH) Jon Coleman to second
|
|
Batting: LHB Mark Friedmann
|
0-0: Ball 1-0: Fielders Choice at 2nd, 1-6 (Groundball, 34S, EV 70.6 MPH) Jon Coleman to third
|
|
Batting: RHB Tim Anderson
|
0-0: Ball Mark Friedmann is caught stealing 2nd base 2-4 1-0: Foul Ball, location: 2F 1-1: Fly out, F9 (Flyball, 9S, EV 88.8 MPH)
|
| Bottom of the 5th over - 0 runs, 2 hits, 0 errors, 1 left on base; Burlington 0 - Oakland (APP) 1 |
| TOP OF THE 6TH |
|
Burlington Royals batting - Pitching for Oakland (APP) Athletics : RHP Jalen Cobbins
|
|
Batting: LHB Ernesto Abreu
|
0-0: Ball 1-0: Foul Ball, location: 2F 1-1: Called Strike 1-2: Ground out 4-3 (Groundball, 4, EV 101.3 MPH)
|
|
Batting: RHB Tim Persson
|
0-0: Ball 1-0: Swinging Strike 1-1: Foul Ball, location: 2F 1-2: Ball 2-2: Strikes out swinging
|
|
Batting: SHB Manny Berrones
|
0-0: Ball 1-0: Called Strike 1-1: Called Strike 1-2: Foul Ball, location: 2F 1-2: Foul Ball, location: 2F 1-2: Ball 2-2: Ball 3-2: Strikes out looking
|
| Top of the 6th over - 0 runs, 0 hits, 0 errors, 0 left on base; Burlington 0 - Oakland (APP) 1 |
| BOTTOM OF THE 6TH |
|
Oakland (APP) Athletics batting - Pitching for Burlington Royals : RHP Matthew Orphan
|
|
Batting: RHB Colin Coleman
|
0-0: Swinging Strike 0-1: Swinging Strike 0-2: Ball 1-2: Foul Ball, location: 2F 1-2: Ball 2-2: Strikes out swinging
|
|
Batting: RHB Branden Mackie
|
0-0: Called Strike 0-1: Foul Ball, location: 2F 0-2: Ball 1-2: Strikes out swinging
|
|
Batting: RHB Matt Black
|
0-0: Foul Ball, location: 2F 0-1: Ball 1-1: Ball 2-1: Ball 3-1: Called Strike 3-2: SOLO HOME RUN (Flyball, 89XD, EV 103.8 MPH), Distance : 402 ft
|
|
Batting: RHB Steve Blackshear
|
0-0: Fly out, F8 (Flyball, 8RS, EV 86.9 MPH)
|
| Bottom of the 6th over - 1 run, 1 hit, 0 errors, 0 left on base; Burlington 0 - Oakland (APP) 2 |
| TOP OF THE 7TH |
|
Burlington Royals batting - Pitching for Oakland (APP) Athletics : RHP Jalen Cobbins
|
|
Batting: SHB Danny Ballenger
|
0-0: Called Strike 0-1: Ball 1-1: Ball 2-1: Foul Ball, location: 2F 2-2: Strikes out looking
|
|
Batting: LHB Bobby Gonzalez
|
0-0: Hit by Pitch
|
|
Batting: RHB Rob Ward
|
0-0: Hit by Pitch Bobby Gonzalez to second
|
|
Batting: SHB Marcos Cortez
|
0-0: Ball 1-0: Ball 2-0: Swinging Strike 2-1: Foul Ball, location: 2F 2-2: Ball 3-2: Strikes out swinging
|
|
Batting: RHB Shane Bruce
|
0-0: Called Strike 0-1: Ball 1-1: Ball 2-1: Called Strike 2-2: Ball 3-2: Foul Ball, location: 2F 3-2: Base on Balls Bobby Gonzalez to third Rob Ward to second
|
|
Pitching: LHP Kevin Barteaux
|
|
|
Batting: RHB Steve Ryals
|
0-0: Ball 1-0: Ball 2-0: Called Strike 2-1: Called Strike 2-2: Strikes out swinging
|
| Top of the 7th over - 0 runs, 0 hits, 0 errors, 3 left on base; Burlington 0 - Oakland (APP) 2 |
| BOTTOM OF THE 7TH |
|
Oakland (APP) Athletics batting - Pitching for Burlington Royals : RHP Matthew Orphan
|
|
Batting: RHB Tetsuya Shinoda
|
0-0: Called Strike 0-1: Foul Ball, location: 2F 0-2: Ball 1-2: Strikes out swinging
|
|
Batting: RHB Jon Coleman
|
0-0: Called Strike 0-1: Ball 1-1: Called Strike 1-2: Ball 2-2: Ball 3-2: Fly out, F9 (Line Drive, 9D, EV 95.6 MPH)
|
|
Batting: RHB Chris Temple
|
0-0: Ball 1-0: Called Strike 1-1: Ball 2-1: Foul Ball, location: 2F 2-2: Foul Ball, location: 2F 2-2: Strikes out swinging
|
| Bottom of the 7th over - 0 runs, 0 hits, 0 errors, 0 left on base; Burlington 0 - Oakland (APP) 2 |
| TOP OF THE 8TH |
|
Burlington Royals batting - Pitching for Oakland (APP) Athletics : LHP Kevin Barteaux
|
|
Now at 1B: Jason Dove
|
|
|
Batting: LHB Ernesto Abreu
|
0-0: Ball 1-0: Ball 2-0: Swinging Strike 2-1: Ball 3-1: Foul Ball, location: 2F 3-2: Strikes out swinging
|
|
Batting: RHB Tim Persson
|
0-0: Ball 1-0: Called Strike 1-1: Ball 2-1: Swinging Strike 2-2: Ball 3-2: Strikes out looking
|
|
Batting: SHB Manny Berrones
|
0-0: SINGLE (Flyball, 5D, EV 90.6 MPH)
|
|
Batting: SHB Danny Ballenger
|
0-0: Swinging Strike 0-1: Ball 1-1: Swinging Strike 1-2: Strikes out swinging
|
| Top of the 8th over - 0 runs, 1 hit, 0 errors, 1 left on base; Burlington 0 - Oakland (APP) 2 |
| BOTTOM OF THE 8TH |
|
Oakland (APP) Athletics batting - Pitching for Burlington Royals : RHP Matthew Orphan
|
|
Pitching: RHP Tony Jimenez
|
|
|
Batting: LHB Mark Friedmann
|
0-0: Ball 1-0: Ground out 4-3 (Groundball, 4, EV 101.9 MPH)
|
|
Batting: RHB Tim Anderson
|
0-0: Ball 1-0: Called Strike 1-1: Ball 2-1: Ball 3-1: Base on Balls
|
|
Batting: RHB Colin Coleman
|
0-0: Ball 1-0: Foul Ball, location: 2F 1-1: SINGLE (Groundball, 4, EV 94.4 MPH) Tim Anderson to second Runner from 2nd tries for 3rd, SAFE, throw by CF made to third Colin Coleman to second
|
|
Batting: RHB Branden Mackie
|
0-0: Ball 1-0: Ball 2-0: Ball 3-0: Called Strike 3-1: Foul Ball, location: 2F 3-2: Fly out, F9 (Flyball, 9S, EV 95.6 MPH)
|
|
Batting: RHB Matt Black
|
0-0: Foul Ball, location: 2F 0-1: Ball 1-1: Reached on error, E6 (Groundball, 56, EV 93.1 MPH) Tim Anderson scores Colin Coleman to third
|
|
Batting: RHB Steve Blackshear
|
0-0: Fly out, F8 (Flyball, 89M, EV 90.0 MPH)
|
| Bottom of the 8th over - 1 run, 1 hit, 1 error, 2 left on base; Burlington 0 - Oakland (APP) 3 |
| TOP OF THE 9TH |
|
Burlington Royals batting - Pitching for Oakland (APP) Athletics : LHP Kevin Barteaux
|
|
Pitching: RHP Jon Hollman
|
|
|
Batting: LHB Bobby Gonzalez
|
0-0: Foul Ball, location: 2F 0-1: Ball 1-1: SINGLE (Groundball, 6S, EV 65.6 MPH) (infield hit)
|
|
Batting: RHB Rob Ward
|
0-0: Ball 1-0: SINGLE (Groundball, 6D, EV 96.9 MPH) Bobby Gonzalez to second
|
|
Batting: SHB Marcos Cortez
|
0-0: Swinging Strike 0-1: Fly out, F8 (Flyball, 8RS, EV 90.0 MPH)
|
|
Batting: RHB Shane Bruce
|
0-0: Called Strike 0-1: Grounds into double play, 6-4-3 (Groundball, 6, EV 83.1 MPH)
|
| Top of the 9th over - 0 runs, 2 hits, 0 errors, 1 left on base; Burlington 0 - Oakland (APP) 3 |
|